 Dungeon Sprint DCSS version 0.27-a0-1116-g91b3acb402 (webtiles) character file.

Game seed: 17510690576586920945

116 mhtbhm the Arsonist (level 4, -4/24 HPs)
             Began as a Deep Elf Fire Elementalist on May 1, 2021.
             Was a Follower of Vehumet.
             Slain by a tarantella (17 damage)
             ... in the Dungeon (Sprint V: "Ziggurat Sprint").
             The game lasted 00:00:43 (105 turns).

mhtbhm the Arsonist (Deep Elf Fire Elementalist)     Turns: 105, Time: 00:00:43

Health: -4/24      AC:  5    Str:  5    XL:     4   Next: 69%
Magic:  9/14       EV: 14    Int: 33    God:    Vehumet [*.....]
Gold:   0          SH:  0    Dex: 15    Spells: 4/15 levels left

rFire    + . .     SeeInvis .   C - +8 lance "Wyrmbane" {slay drac, rPois rF+ rC+ AC+3}
rCold    + . .     Faith    .   (no shield)
rNeg     . . .     Spirit   .   a - +0 robe
rPois    +         Reflect  .   (no helmet)
rElec    .         Harm     .   (no cloak)
rCorr    .         Rampage  .   (no gloves)
Will     .....     NoTele   +   (no boots)
Stlth    +++.......             (no amulet)
HPRegen  0.08/turn              u - +6 ring of intelligence
MPRegen  0.14/turn              v - +6 ring of intelligence

@: no status effects
A: no striking features
a: Renounce Religion


You were in the Dungeon.
You worshipped Vehumet.
Vehumet was aware of your devotion.
You visited 1 branch

Inventory:

Hand Weapons
 C - the +8 lance "Wyrmbane" (weapon) {slay drac, rPois rF+ rC+ AC+3}
   (You found it in the Dungeon)

   It affects your AC (+3).
   It protects you from fire.
   It protects you from cold.
   It protects you from poison.
Armour
 a - a +0 robe (worn)
Jewellery
 u - a +6 ring of intelligence (left hand)
 v - a +6 ring of intelligence (right hand)
Wands
 y - a wand of mindburst (7)
 z - a wand of iceblast (4)
 A - a wand of acid (7)
Scrolls
 h - 4 scrolls of blinking
 m - 4 scrolls of amnesia
 n - 7 scrolls of fog
 o - a scroll of holy word
 p - 5 scrolls of identify
 q - 2 scrolls of fear
Potions
 b - 2 potions of brilliance
 c - 10 potions of curing
 d - 10 potions of heal wounds
 e - 6 potions of haste
 f - 7 potions of magic
 g - 3 potions of berserk rage
 i - 2 potions of invisibility
 j - 4 potions of resistance
 k - a potion of experience
 l - 5 potions of might
Miscellaneous
 r - a piece from Xom's chessboard (15/15)
 B - a lightning rod (4/4)


   Skills:
 + Level 4.5 Dodging
 + Level 4.2 Stealth
 + Level 6.1 Spellcasting
 + Level 1.5 Conjurations
 + Level 8.4 Fire Magic
 + Level 1.0 Evocations


You had 4 spell levels left.
You knew the following spells:

 Your Spells              Type           Power      Damage    Failure   Level
a - Foxfire               Conj/Fire      100%       2x1d9     1%          1
b - Conjure Flame         Conj/Fire      43%        6-21      1%          3
c - Inner Flame           Hex/Fire       37%        N/A       2%          3
d - Sticky Flame          Conj/Fire      43%        2d6       5%          4

Your spell library contained the following spells:

 Spells                   Type           Power      Damage    Failure   Level
 Sandblast                Erth           20%        2d7       4%          1
 Vampiric Draining        Necr           5%         2d6       13%         3
 Dispel Undead            Necr           10%        3d9       38%         4
 Fireball                 Conj/Fire      21%        3d10      16%         5


Dungeon Overview and Level Annotations

Branches:
Dungeon (1/1)

Altars:
Ashenzari
Cheibriados
Dithmenos
Elyvilon
Fedhas
Gozag
Hepliaklqana
Kikubaaqudgha
Makhleb
Nemelex Xobeh
Okawaru
Qazlal
Ru
Sif Muna
Trog
Uskayaw
Vehumet
Wu Jian
Xom
Yredelemnul
Zin
The Shining One
Beogh
Jiyva
Lugonu

Annotations:
D 1 transporter


Message History

The scorpion is almost dead.
The iceblast engulfs the tarantella!
The tarantella is moderately wounded.
The tarantella hisses angrily.
The iceblast engulfs the tarantella!!
The tarantella is severely wounded.
The tarantella hisses angrily.
Unknown command.
Unknown command.
Unknown command.
Cast which spell? (? or * to list)
You conjure some foxfire!
Unknown command.
Casting: Foxfire (safe; 1% risk of failure)
Confirm with . or Enter, or press ? or * to list all spells.
You conjure some foxfire!
The foxfire hits the scorpion.
The scorpion is almost dead.
The foxfire hits the scorpion but does no damage.
The scorpion is almost dead.
The foxfire hits the tarantella.
The tarantella is heavily wounded.
The scorpion stings you.
Unknown command.
Casting: Foxfire (safe; 1% risk of failure)
Confirm with . or Enter, or press ? or * to list all spells.
The spell is quite dangerous to cast (5% risk of failure)!
Continue anyway?
Aiming: Sticky Flame (quite dangerous; 5% risk of failure)
Press: ? - help, Shift-Dir - straight line, f - tarantella, p - scorpion
Aim: a tarantella (heavily wounded, ally target, 100% to hit)
The sticky flame hits the tarantella.
The tarantella is heavily wounded.
The tarantella is covered in liquid flames!
The tarantella burns!
The foxfire hits the scorpion.
You kill the scorpion!
Vehumet accepts your kill.
You can now gain magical power from killing.
Vehumet offers you knowledge of Sandblast.
You feel your power returning. The tarantella bites you! x2
Ouch! That really hurt!
You die...

▓▓▓▓▓▓▓▓▓▓▓▓▓
▓.8©8.▓.8©8.▓
▓."=).▓.....▓
▓.....▓.....▓
▓.....▓.....▓
▓.....▓.....▓
▓.s.s.▓..©..▓
▓..@..▓▓▓▓▓▓▓
▓▓▓▓▓▓▓


You could see 2 tarantellas.

Vanquished Creatures
  3 scorpions (D)
3 creatures vanquished.

Vanquished Creatures (others)
  3 foxfires (D)
3 creatures vanquished.

Grand Total: 6 creatures vanquished

Notes
Turn   | Place    | Note
-------+----------+-------------------------------------------
     0 | D        | mhtbhm the Deep Elf Fire Elementalist began the quest for
                  | the Orb.
     0 | D        | Reached XP level 1. HP: 10/10 MP: 6/6
     0 | D        | Found a shimmering blue altar of Sif Muna.
     0 | D        | Found a bloodstained altar of Trog.
     0 | D        | Found a sacrificial altar of Ru.
     0 | D        | Found a stormy altar of Qazlal.
     0 | D        | Found an iron altar of Okawaru.
     1 | D        | Found a sparkling altar of Nemelex Xobeh.
     1 | D        | Found a blossoming altar of Fedhas.
     2 | D        | Found the +6 Majin-Bo {vamp, MP+6 Int+6}
     2 | D        | Found the +9 heavy crossbow "Sniper" {vorpal, Acc+∞ SInv}
     2 | D        | Found the +10 dark maul {vorpal}
     2 | D        | Found the +15 Maxwell's patent armour {-Cast -Tele rElec
                  | Will+ rCorr}
     2 | D        | Found the +18 shield of the Gong {rElec rN+ Will+ EV-5}
     2 | D        | Found the +14 obsidian axe {vorpal, Drain Fly SInv}
     2 | D        | Found the +7 great mace "Firestarter" {inner flame, rF++}
     2 | D        | Found the +6 shillelagh "Devastator" {shatter}
     2 | D        | Found the +11 plutonium sword {Contam Stlth-}
     2 | D        | Found the +8 lance "Wyrmbane" {slay drac, rPois rF+ rC+
                  | AC+3}
     2 | D        | Found the +9 sword of Zonguldrok {reap}
     2 | D        | Found the +13 scythe of Curses {drain, Drain}
     2 | D        | Found the +5 sword of Power {vorpal}
     2 | D        | Found the +7 mace of Variability {chain chaos}
     2 | D        | Found the +7 Singing Sword {vorpal, sonic wave}
     2 | D        | Found the +8 storm bow {elec, penet}
     3 | D        | Found a transporter.
     3 | D        | Found an ancient bone altar of Kikubaaqudgha.
     3 | D        | Found a viscous altar of Jiyva.
     3 | D        | Found a corrupted altar of Lugonu.
     3 | D        | Found a hazy altar of Hepliaklqana.
     3 | D        | Found a burning altar of Makhleb.
     3 | D        | Found an opulent altar of Gozag.
    35 | D        | Became a worshipper of Vehumet
    55 | D        | Entered arena 2.
    55 | D        | Noticed a scorpion
    55 | D        | Noticed a scorpion
    55 | D        | Found a transporter.
    57 | D        | Killed a scorpion
    58 | D        | Reached skill level 5 in Spellcasting
    58 | D        | Reached skill level 7 in Fire Magic
    58 | D        | Reached XP level 2. HP: 15/15 MP: 7/10
    58 | D        | Reached XP level 3. HP: 19/19 MP: 7/11
    58 | D        | Killed a scorpion
    59 | D        | Reached skill level 8 in Fire Magic
    59 | D        | Reached skill level 1 in Evocations
    59 | D        | Reached XP level 4. HP: 24/24 MP: 8/14
    63 | D        | Learned a level 3 spell: Conjure Flame
    67 | D        | Learned a level 3 spell: Inner Flame
    72 | D        | Learned a level 4 spell: Sticky Flame
    76 | D        | Got the Papyrus of Evil Arts
   101 | D        | Entered arena 3.
   101 | D        | Noticed a scorpion
   101 | D        | Noticed a tarantella
   101 | D        | Noticed a tarantella
   101 | D        | Found a transporter.
   105 | D        | Killed a scorpion
   105 | D        | Reached * piety under Vehumet
   105 | D        | Offered knowledge of Sandblast by Vehumet.
   105 | D        | Slain by a tarantella

Illustrated notes

Levels and vault maps discovered:
D:        sprint_v [room_start, room_1, room_2, room_3, room_4, room_5, room_6,
          room_7, room_8, room_9, room_10, room_11, room_12, room_13, room_14,
          room_15, room_16, room_17, room_18, room_19, room_20, room_21,
          room_22, room_23, room_24, room_25, room_26, room_27]

Skill      XL: |  1  2  3 |
---------------+----------+-----
Dodging        | 3 4 |  4.5
Stealth        | 3 4 |  4.2
Spellcasting   | 5 6 |  6.1
Fire Magic     | 7 8 |  8.4
Evocations     | 1 |  1.0
Conjurations   | |  1.5

Action                   |  1- 3 |  4- 6 || total
-------------------------+-------+-------++-------
 Cast: Foxfire           |       |     2 ||     2
       Sticky Flame      |       |     1 ||     1
Evoke: Wand              |     2 |     1 ||     3
       Lightning rod     |     1 |       ||     1

Table legend: (Time is in decaauts)
 A = Elapsed time spent in this place.
 B = Non-inter-level travel time spent in this place.
 C = Inter-level travel time spent in this place.
 D = Time resting spent in this place.
 E = Time spent auto-exploring this place.
 F = Levels seen in this place.
 G = Mean time per level.
                   A        B        C        D        E       F      G
               +--------+--------+--------+--------+--------+-----+--------+
         Total |    103 |    103 |      0 |     18 |      0 |   1 |  103.0 |
       Dungeon |    103 |    103 |      0 |     18 |      0 |   1 |  103.0 |
               +--------+--------+--------+--------+--------+-----+--------+

Top non-repeatable levels by time:
       D: 103 daAuts
